[ PARTIDA AOE2 · #505944674 ]
UnrankedHunos vs Japanese
Equipo del jugador · VICT
Equipo rival · DERR
[ ANÁLISIS DE REPETICIÓN · EXTRAÍDO DE LA PARTIDA GRABADA ]
Feudal
10:35
Castillos
—
Imperial
—
| APM promedio | 81.4 |
| APM pico | 125 |
| eAPM promedio | 33.6 |
| Aldeanos / militares | 37 / 54 |
Foco
⚔️ 40.6% · 🌾 59.4%
Archer ×36 · Skirmisher ×15 · Militia ×3
Feudal
9:05
Castillos
—
Imperial
—
| APM promedio | 31.4 |
| APM pico | 48 |
| eAPM promedio | 12.6 |
| Aldeanos / militares | 41 / 23 |
Foco
⚔️ 24.0% · 🌾 76.0%
Skirmisher ×14 · Militia ×9
Mapa de la partida
Recursos iniciales + cada clic de construcción. Líneas = muros · curvas = relieve. ◆ oro · ⬟ piedra · ● bayas · ✦ reliquia · ◌ hueco del cierre
Tu base· Abierta — flanco sin cerrar
Base de pirate.king7· Abierta — flanco sin cerrar
Terreno inicial suavizado · ◌ = hueco del cierre detectado · pasá el cursor para detalles
Inputs por minuto
— Pedro - - pirate.king7
Build order — Pedro
131 acciones detectadas en el replay
| 0:00 | Encolar | Villager (Male) |
| 0:01 | Encolar | Villager (Male) |
| 0:21 | Encolar | Villager (Male) |
| 0:41 | Encolar | Villager (Male) |
| 1:21 | Encolar | Villager (Male) |
| 1:49 | Construir | Lumber Camp |
| 1:51 | Encolar | Villager (Male) |
| 2:20 | Encolar | Villager (Male) |
| 2:50 | Encolar | Villager (Male) |
| 3:03 | Encolar | Villager (Male) |
| 3:28 | Encolar | Villager (Male) |
| 3:52 | Encolar | Villager (Male) |
| 4:22 | Encolar | Villager (Male) |
| 4:41 | Encolar | Villager (Male) |
| 4:49 | Construir | Barracks |
| 5:12 | Encolar | Villager (Male) |
| 5:15 | Encolar | Villager (Male) |
| 5:35 | Encolar | Villager (Male) |
| 5:47 | Encolar | Militia |
| 5:47 | Encolar | Militia |
| 6:08 | Construir | Mill |
| 6:26 | Encolar | Villager (Male) |
| 6:26 | Encolar | Villager (Male) |
| 6:38 | Encolar | Militia |
| 6:39 | Encolar | Villager (Male) |
| 6:54 | Investigar | Loom |
| 8:25 | Investigar | Feudal Age |
| 8:25 | Investigar | Feudal Age |
| 9:11 | Construir | Mining Camp |
| 9:19 | Construir | Lumber Camp |
| 9:39 | Encolar | Villager (Male) |
| 10:06 | Construir | Palisade Wall |
| 10:08 | Construir | Palisade Wall |
| 10:09 | Construir | Palisade Wall |
| 10:16 | Construir | Palisade Wall |
| 10:19 | Construir | Palisade Wall |
| 10:23 | Construir | Palisade Wall |
| 10:24 | Construir | Palisade Wall |
| 10:30 | Construir | Palisade Wall |
| 10:34 | Encolar | Villager (Male) |
| 10:35 | Edad | Edad Feudal |
| 10:40 | Construir | Archery Range |
| 10:52 | Investigar | Double-Bit Axe |
| 10:52 | Investigar | Double-Bit Axe |
| 11:01 | Encolar | Villager (Male) |
| 11:01 | Encolar | Villager (Male) |
| 11:20 | Encolar | Archer |
| 11:21 | Encolar | Archer |
| 11:21 | Encolar | Archer |
| 11:24 | Construir | Archery Range |
| 11:36 | Encolar | Villager (Male) |
| 11:55 | Encolar | Villager (Male) |
| 12:01 | Encolar | Archer |
| 12:02 | Encolar | Archer |
| 12:10 | Construir | Palisade Wall |
| 12:12 | Construir | Palisade Wall |
| 12:19 | Encolar | Skirmisher |
| 12:19 | Encolar | Skirmisher |
| 12:25 | Construir | Palisade Wall |
| 12:26 | Construir | Palisade Wall |
| 12:27 | Construir | Palisade Wall |
| 12:29 | Construir | Farm |
| 12:35 | Encolar | Archer |
| 12:36 | Encolar | Archer |
| 12:48 | Construir | Farm |
| 12:55 | Encolar | Villager (Male) |
| 13:04 | Encolar | Villager (Male) |
| 13:13 | Construir | Farm |
| 13:29 | Construir | Farm |
| 13:33 | Construir | Blacksmith |
| 13:43 | Encolar | Archer |
| 13:44 | Encolar | Archer |
| 13:44 | Encolar | Archer |
| 13:54 | Encolar | Archer |
| 14:05 | Encolar | Villager (Male) |
| 14:13 | Encolar | Archer |
| 14:13 | Encolar | Archer |
| 14:14 | Encolar | Archer |
| 14:14 | Encolar | Archer |
| 14:23 | Construir | Farm |
| 14:37 | Investigar | Fletching |
| 14:37 | Investigar | Fletching |
| 14:58 | Construir | Farm |
| 15:04 | Encolar | Archer |
| 15:04 | Encolar | Archer |
| 15:07 | Encolar | Villager (Male) |
| 15:24 | Encolar | Archer |
| 15:25 | Encolar | Archer |
| 15:25 | Encolar | Archer |
| 15:37 | Encolar | Archer |
| 15:41 | Encolar | Villager (Male) |
| 15:47 | Construir | Farm |
| 15:51 | Encolar | Villager (Male) |
| 16:07 | Encolar | Villager (Male) |
| 16:08 | Encolar | Archer |
| 16:08 | Encolar | Archer |
| 16:08 | Encolar | Archer |
| 16:17 | Encolar | Skirmisher |
| 16:17 | Encolar | Skirmisher |
| 16:35 | Encolar | Archer |
| 16:36 | Encolar | Archer |
| 16:36 | Encolar | Villager (Male) |
| 16:38 | Construir | Farm |
| 16:48 | Encolar | Archer |
| 16:52 | Encolar | Skirmisher |
| 16:52 | Encolar | Skirmisher |
| 16:59 | Encolar | Skirmisher |
| 16:59 | Encolar | Skirmisher |
| 16:59 | Encolar | Skirmisher |
| 17:19 | Construir | Farm |
| 17:47 | Encolar | Archer |
| 17:47 | Encolar | Archer |
| 17:47 | Encolar | Archer |
| 17:48 | Encolar | Archer |
| 17:52 | Encolar | Villager (Male) |
| 17:59 | Encolar | Skirmisher |
| 17:59 | Encolar | Skirmisher |
| 18:00 | Encolar | Skirmisher |
| 18:00 | Encolar | Skirmisher |
| 18:22 | Encolar | Skirmisher |
| 18:22 | Encolar | Skirmisher |
| 18:25 | Encolar | Villager (Male) |
| 18:27 | Construir | Farm |
| 18:48 | Encolar | Archer |
| 18:49 | Encolar | Villager (Male) |
| 19:10 | Encolar | Archer |
| 19:10 | Encolar | Archer |
| 19:10 | Encolar | Archer |
| 19:10 | Encolar | Archer |
| 19:11 | Encolar | Villager (Male) |
| 19:12 | Construir | Farm |
Build order — pirate.king7
103 acciones detectadas en el replay
| 0:01 | Encolar | Villager (Male) |
| 0:01 | Encolar | Villager (Male) |
| 0:02 | Construir | House |
| 0:04 | Construir | House |
| 0:17 | Encolar | Villager (Male) ×2 |
| 1:40 | Encolar | Villager (Male) |
| 1:49 | Construir | Lumber Camp |
| 2:01 | Encolar | Villager (Male) |
| 2:01 | Encolar | Villager (Male) |
| 2:21 | Encolar | Villager (Male) |
| 2:50 | Encolar | Villager (Male) |
| 3:15 | Encolar | Villager (Male) |
| 3:46 | Encolar | Villager (Male) |
| 3:46 | Encolar | Villager (Male) |
| 3:53 | Construir | House |
| 4:12 | Encolar | Villager (Male) |
| 4:12 | Encolar | Villager (Male) |
| 4:13 | Encolar | Villager (Male) |
| 4:13 | Encolar | Villager (Male) |
| 4:18 | Construir | Mill |
| 4:24 | Construir | House |
| 4:59 | Encolar | Villager (Male) |
| 5:00 | Encolar | Villager (Male) |
| 5:00 | Encolar | Villager (Male) |
| 5:50 | Investigar | Loom |
| 6:01 | Construir | Barracks |
| 6:27 | Construir | Mining Camp |
| 6:55 | Investigar | Feudal Age |
| 7:07 | Construir | Mill |
| 7:28 | Encolar | Militia |
| 7:29 | Encolar | Militia |
| 7:30 | Encolar | Militia |
| 8:05 | Encolar | Militia |
| 8:06 | Encolar | Militia |
| 8:24 | Encolar | Militia |
| 8:24 | Encolar | Militia |
| 9:05 | Edad | Edad Feudal |
| 9:11 | Investigar | Man-at-Arms (upgrade) |
| 9:11 | Encolar | Villager (Male) |
| 9:11 | Encolar | Villager (Male) |
| 9:26 | Encolar | Villager (Male) |
| 9:50 | Encolar | Villager (Male) |
| 9:57 | Investigar | Double-Bit Axe |
| 10:20 | Encolar | Villager (Male) |
| 10:40 | Encolar | Militia |
| 10:40 | Encolar | Militia |
| 10:45 | Construir | House |
| 11:04 | Investigar | Arson |
| 11:05 | Encolar | Villager (Male) |
| 11:06 | Encolar | Villager (Male) |
| 11:13 | Construir | Farm |
| 11:15 | Construir | Farm |
| 11:15 | Construir | Farm |
| 11:54 | Encolar | Villager (Male) |
| 12:04 | Construir | House |
| 12:22 | Encolar | Villager (Male) |
| 12:31 | Construir | Archery Range |
| 12:58 | Encolar | Villager (Male) |
| 12:58 | Encolar | Villager (Male) |
| 13:19 | Construir | House |
| 13:28 | Encolar | Skirmisher ×5 |
| 13:40 | Encolar | Villager (Male) |
| 13:40 | Encolar | Villager (Male) |
| 13:40 | Encolar | Villager (Male) |
| 14:10 | Construir | Blacksmith |
| 14:18 | Construir | Palisade Gate |
| 14:24 | Encolar | Villager (Male) |
| 15:00 | Encolar | Villager (Male) |
| 15:11 | Investigar | Fletching |
| 15:19 | Construir | Palisade Wall |
| 15:30 | Encolar | Villager (Male) |
| 15:31 | Encolar | Skirmisher |
| 15:45 | Construir | Farm |
| 15:45 | Construir | Farm |
| 15:46 | Construir | Farm |
| 15:46 | Construir | Farm |
| 15:46 | Construir | Farm |
| 15:46 | Construir | Farm |
| 15:47 | Construir | Farm |
| 15:52 | Construir | Farm |
| 16:05 | Encolar | Villager (Male) |
| 16:22 | Encolar | Villager (Male) |
| 16:28 | Construir | Farm |
| 16:30 | Construir | Farm |
| 16:31 | Construir | Farm |
| 16:32 | Construir | Farm |
| 16:38 | Construir | Farm |
| 16:41 | Construir | Farm |
| 16:49 | Construir | Farm |
| 16:50 | Construir | Farm |
| 17:01 | Construir | Farm |
| 17:01 | Encolar | Villager (Male) |
| 17:01 | Encolar | Villager (Male) |
| 17:10 | Construir | Farm |
| 17:20 | Encolar | Villager (Male) |
| 17:35 | Encolar | Skirmisher |
| 17:35 | Encolar | Skirmisher |
| 17:39 | Investigar | Padded Archer Armor |
| 17:39 | Investigar | Padded Archer Armor |
| 17:54 | Construir | Lumber Camp |
| 19:04 | Construir | Watch Tower |
| 19:10 | Encolar | Skirmisher ×3 |
| 19:10 | Encolar | Skirmisher ×3 |
Cronología de la partida
| 4:49 | Pedro · first_building Barracks |
| 6:01 | pirate.king7 · first_building Barracks |
| 9:05 | pirate.king7 · age_up feudal |
| 10:06 | Pedro · wall_segment Palisade Wall x1 |
| 10:08 | Pedro · wall_segment Palisade Wall x1 |
| 10:09 | Pedro · wall_segment Palisade Wall x1 |
| 10:16 | Pedro · wall_segment Palisade Wall x1 |
| 10:19 | Pedro · wall_segment Palisade Wall x1 |
| 10:23 | Pedro · wall_segment Palisade Wall x1 |
| 10:24 | Pedro · wall_segment Palisade Wall x1 |
| 10:30 | Pedro · wall_segment Palisade Wall x1 |
| 10:35 | Pedro · age_up feudal |
| 10:40 | Pedro · first_building Archery Range |
| 12:10 | Pedro · wall_segment Palisade Wall x1 |
| 12:12 | Pedro · wall_segment Palisade Wall x1 |
| 12:25 | Pedro · wall_segment Palisade Wall x1 |
| 12:26 | Pedro · wall_segment Palisade Wall x1 |
| 12:27 | Pedro · wall_segment Palisade Wall x1 |
| 12:31 | pirate.king7 · first_building Archery Range |
| 15:19 | pirate.king7 · wall_segment Palisade Wall x1 |
| 19:24 | pirate.king7 · resign |
[ ANÁLISIS IA · 1 CRÉDITO ]
¿Qué pasó realmente en esta partida?
Wolo.gg analiza cada decisión: build order, eco, micro, errores típicos por bracket. Análisis personalizado por WhatsApp o Discord en 30 segundos.
Guía civ
Hunos
Perfil
Jugador #339375